 Dungeon Crawl Stone Soup version 0.31-a0-133-gaae73658be (webtiles) character file.

Game seed: 11784374715271125008

70964 mopl the Jinx (level 14, -6/80 (83) HPs)
             Began as a Deep Elf Enchanter on June 2, 2023.
             Was the Champion of Dithmenos.
             Mangled by a white ugly thing (27 damage)
             ... on level 13 of the Dungeon.
             The game lasted 01:02:17 (24227 turns).

mopl the Jinx (Deep Elf Enchanter)                 Turns: 24227, Time: 01:02:17

HP:   -6/80 (83)    AC: 19    Str:  8    XL:     14   Next: 96%
MP:   28/31         EV: 11    Int: 32    God:    Dithmenos [******]
Gold: 457           SH: 10    Dex: 15    Spells: 9/36 levels left

rFire   + . .        b - +7 captain's cutlass {speed, disarm}
rCold   . . .        d - +0 kite shield
rNeg    . . .        h - +0 steam dragon scales
rPois   .            g - +1 helmet
rElec   .            z - +2 cloak of the Thief {*Fog Slay-2 SInv Stlth+}
rCorr   .            l - +2 pair of gloves {Str+3}
SInv    +            x - +1 pair of boots "Awkopapn" {rF+}
Will    +....        (no amulet) Stlth *+++++++++
                     Z - +6 ring of intelligence
HPRegen 0.33/turn    u - +4 ring of protection
MPRegen 0.22/turn

%: no passive effects
@: wreathed by umbra, lightly drained
A: no striking features
a: Renounce Religion, Shadow Step, Shadow Form


You were on level 13 of the Dungeon.
You worshipped Dithmenos.
Dithmenos was exalted by your worship.
You visited 4 branches of the dungeon, and saw 21 of its levels.
You also visited: Volcano.

You collected 2190 gold pieces.
You spent 1733 gold pieces at shops.

Inventory:

Hand Weapons
 a - a +2 dagger of electrocution
 b - the +7 captain's cutlass (weapon) {speed, disarm}
   (You found it on level 5 of the Lair of Beasts)
Missiles
 w - 24 poisoned darts
 E - 22 throwing nets
 L - a curare-tipped dart
 M - 9 atropa-tipped darts
 P - 31 boomerangs
 T - 5 boomerangs of dispersal
Armour
 d - a +0 kite shield (worn)
 g - a +1 helmet (worn)
 h - +0 steam dragon scales (worn)
 l - a +2 pair of gloves of strength (worn)
 x - the +1 pair of boots "Awkopapn" (worn) {rF+}
   (You found it in a volcano)

   rF:        It protects you from fire.
 z - the +2 cloak of the Thief (worn) {*Fog Slay-2 SInv Stlth+}
   (You found it in a volcano)

   *Fog:      It may release a thick cloud of smoke when the wearer is hurt.
   Slay:      It affects your accuracy & damage with ranged weapons and melee
   (-2).
   SInv:      It lets you see invisible.
   Stlth:     It makes you more stealthy.
Jewellery
 u - a +4 ring of protection (right hand)
 D - a ring of flight
 U - a ring of see invisible
 Z - a +6 ring of intelligence (left hand)
Wands
 F - a wand of roots (12)
 N - a wand of acid (7)
 Q - a wand of charming (9)
 R - a wand of flame (10)
 V - a wand of digging (5)
Scrolls
 e - 4 scrolls of vulnerability {unknown}
 i - 5 scrolls of teleportation
 m - 6 scrolls of blinking {unknown}
 o - 7 scrolls of immolation {unknown}
 q - 2 scrolls of acquirement {unknown}
 s - a scroll of fear
 t - 5 scrolls of enchant weapon {unknown}
 y - 6 scrolls of amnesia {unknown}
 A - 4 scrolls of poison
 B - 4 scrolls of fog {unknown}
 C - 3 scrolls of magic mapping {unknown}
 I - 2 scrolls of silence {!r}
Potions
 c - 7 potions of invisibility
 f - 2 potions of resistance
 j - 3 potions of heal wounds
 k - 9 potions of curing
 n - 3 potions of lignification {!q}
 p - 3 potions of brilliance
 r - 5 potions of cancellation
 G - 5 potions of magic
 H - 7 potions of enlightenment
 O - 3 potions of might
 S - 2 potions of berserk rage {!q}
 X - 2 potions of ambrosia
 Y - 4 potions of haste
Miscellaneous
 v - a box of beasts
 J - a condenser vane
 K - a phantom mirror


   Skills:
 + Level 7.7 Fighting
 + Level 9.2 Short Blades
 + Level 6.6 Throwing
 + Level 4.0 Dodging
 + Level 12.1 Stealth
 + Level 7.6 Shields
 + Level 11.7 Spellcasting
 + Level 1.3 Conjurations
 + Level 12.2 Hexes
 + Level 8.8 Transmutations
 + Level 8.6 Earth Magic
 + Level 6.9 Invocations
 + Level 7.1 Evocations


You had 9 spell levels left.
You knew the following spells:

 Your Spells              Type           Power      Damage    Failure   Level
a - Petrify               Tmut/Erth      65%        N/A       3%          4
b - Ensorcelled Hibernat  Hex/Ice        100%       N/A       1%          2
c - Confusing Touch       Hex            77%        N/A       1%          3
d - Tukima's Dance        Hex            77%        N/A       1%          3
f - Dazzling Flash        Conj/Hex       100%       N/A       1%          3
i - Irradiate             Conj/Tmut      25%        3d20      34%         5
p - Passwall              Tmut/Erth      54%        N/A       1%          2
y - Yara's Violent Unrav  Hex/Tmut       36%        3d15      3%          5

Your spell library contained the following spells:

 Spells                   Type           Power      Damage    Failure   Level
 Leda's Liquefaction      Hex/Erth       35%        N/A       1%          4
 Inner Flame              Hex/Fire       55%        N/A       2%          3
 Magic Dart               Conj           100%       1d8       6%          1
 Shock                    Conj/Air       92%        1d8       8%          1
 Lee's Rapid Deconstruct  Erth           32%        3d17*     9%          5
 Call Imp                 Summ           36%        N/A       16%         2
 Lesser Beckoning         Tloc           36%        N/A       16%         2
 Sublimation of Blood     Necr           18%        N/A       16%         2
 Ice Form                 Ice/Tmut       47%        N/A       17%         4
 Metabolic Englaciation   Hex/Ice        27%        N/A       24%         5
 Silence                  Hex/Air        27%        N/A       24%         5
 Summon Mana Viper        Hex/Summ       55%        N/A       24%         5
 Mephitic Cloud           Conj/Pois/Air  21%        N/A       26%         3
 Frozen Ramparts          Ice            36%        1d6       30%         3
 Gell's Gravitas          Tloc           18%        N/A       30%         3
 Ozocubu's Armour         Ice            18%        N/A       30%         3
 Swiftness                Air            18%        N/A       30%         3
 Teleport Other           Tloc           18%        N/A       30%         3
 Statue Form              Tmut/Erth      43%        N/A       41%         6
 Borgnjor's Vile Clutch   Necr/Erth      23%        N/A       43%         5
 Enfeeble                 Hex            38%        N/A       50%         7
 Airstrike                Air            9%         2d(2-18)  71%         4
 Animate Dead             Necr           18%        N/A       71%         4
 Summon Ice Beast         Ice/Summ       18%        N/A       71%         4
 Leda's Unmaking          Conj/Erth      25%        9d5       90%         6
 Agony                    Necr           18%        N/A       96%         5
 Death Channel            Necr           9%         N/A       100%        6
 Dispersal                Tloc           9%         N/A       100%        6
 Simulacrum               Ice/Necr       9%         N/A       100%        6
 Monstrous Menagerie      Summ           9%         N/A       100%        7


Dungeon Overview and Level Annotations

Branches:
Dungeon (13/15)            Temple (1/1) D:6            Lair (5/5) D:11
  Swamp (0/4) Lair:2        Snake (0/4) Lair:2        Slime (0/5) Lair:4
    Orc (2/2) D:11            Elf (0/3) Orc:2        Vaults (0/5) D:13
Volcano (visited)

Altars:
Ashenzari
Cheibriados
Dithmenos
Elyvilon
Fedhas
Gozag
Hepliaklqana
Kikubaaqudgha
Makhleb
Nemelex Xobeh
Okawaru
Qazlal
Ru
Sif Muna
Trog
Uskayaw
Vehumet
Wu Jian
Xom
Yredelemnul
Zin
The Shining One
Jiyva

Shops:
D:10 :   Orc:2 :*![


Message History

Confirm with . or Enter, or press ? or * to list all spells.
Casting: Dazzling Flash (safe; 1% risk of failure)
Press: ? - help, Dir - look around, f - activate The orc is dazzled.
The orc wizard is dazzled.
The necromancer is dazzled.
The orc wizard hits you with a +0 dagger.
The orc hits you but does no damage. The necromancer barely misses you.
Unknown command.
Unknown command.
Unknown command.
You puncture the necromancer!
The captain's cutlass flashes!
You lacerate the necromancer!!
The necromancer's +0 dagger falls to the floor!
The necromancer is severely wounded.
You hit the necromancer.
The necromancer is almost dead.
The orc closely misses you. The orc wizard barely misses you.
The necromancer hits you but does no damage.
You barely miss the necromancer.
The necromancer is almost dead.
The orc wizard hits you but does no damage.
The necromancer casts a spell at you. The bolt of negative energy hits you!!
You feel drained.
You emit a cloud of dark smoke.
Unknown command.
You catch the helpless necromancer completely off-guard!
You spit the necromancer like a pig!!!
You kill the necromancer!
Dithmenos accepts your kill.
The orc wizard is no longer blind.
The orc wizard hits you but does no damage.
The white ugly thing gores you. The white ugly thing freezes you!!
* * * LOW HITPOINT WARNING * * *
You emit a cloud of dark smoke.
Okay, then.
Unknown command.
You feel much better. The orc misses you. You block the orc wizard's attack.
The white ugly thing gores you!
* * * LOW HITPOINT WARNING * * *
The white ugly thing freezes you!!
You die...

#### ##... #...# ###
+...# ..# #...#...#
#§§§#...# #uoo'.∩.#
#§@§# #§§§# #.§§#
#...## ##.#.#####
##### ...##.......##
#.... #.......8.8..##
#....
#.............########
#.....?.8.............


You could see a white ugly thing, an orc wizard and an orc (blind).

Vanquished Creatures
  An orc warlord (Orc:1)
  Snorg (Orc:2)
  2 fire dragons
  A centaur warrior (D:11)
  2 boulder beetles
  2 two-headed ogres
  14 death yaks (Lair:5)
  4 orc high priests
  2 skeletal warriors (D:11)
  4 lindwurms
  2 ugly things
  An orc knight (Orc:2)
  A necromancer (D:13)
  Pikel (D:5)
  3 cyclopes
  2 manticores (D:11)
  3 orc sorcerers (Orc:2)
  7 black mambas
  9 elephants
  3 molten gargoyles (Lair:5)
  A gargoyle (D:10)
  11 cane toads
  2 smoke demons (Volcano)
  Maggie (D:7)
  2 unseen horror zombies (D:8)
  An unseen horror (D:12)
  13 komodo dragons
  12 trolls
  A meliai (D:11)
  9 dream sheep
  2 polar bears (Lair:5)
  5 blink frogs (Lair:4)
  A vampire (D:11)
  4 shadows
  3 wraiths (D:11)
  8 wyverns
  25 yaks
  5 basilisks
  2 vampire mosquitoes (D:11)
  Grum (D:10)
  7 steam dragons
  6 wargs
  3 swamp worms (Lair:2)
  5 nagas (Lair:2)
  20 water moccasins
  6 hell hounds
  A black bear (Lair:3)
  30 orc warriors
  3 ice beasts
  6 ogres
  6 wolves
  5 centaurs
  2 phantoms
  A lemure (D:5)
  3 kobold brigands
  4 gnoll sergeants (D:10)
  2 wyvern zombies (D:8)
  15 bullfrogs
  10 scorpions
  6 wights
  13 killer bees
  A vampire bat (D:4)
  5 howler monkeys
  4 electric eels
  A centaur zombie (D:8)
  5 jellies
  5 lava snakes (Lair:5)
  17 hounds
  3 gnoll boudas (D:10)
  20 orc priests
  A sleepcap (D:5)
  Natasha (twice) (D:3)
  22 orc wizards
  7 iguanas
  A howler monkey zombie (D:8)
  35 gnolls
  5 adders
  2 shadow imps
  An ufetubus (D:6)
  3 worms
  3 fire bats (D:4)
  56 orcs
  2 spectral bats (D:4)
  3 bat skeletons (D:4)
  A bat zombie (D:4)
  18 endoplasms
  3 giant cockroaches
  4 goblins
  8 hobgoblins
  11 jackals
  5 quokkas
  2 ball pythons
  11 bats
  A bat simulacrum (D:4)
  2 frilled lizards
  20 kobolds
  3 rats
621 creatures vanquished.

Vanquished Creatures (collateral kills)
  An orc warlord (Orc:2)
  2 two-headed ogres
  An orc high priest (Orc:2)
  An orc knight (D:11)
  An orc warrior (Orc:2)
  4 wights
  A killer bee (D:10)
  An electric eel (D:11)
  2 hounds (D:10)
  3 orc priests (Orc:2)
  3 orc wizards
  4 gnolls
  3 orcs (Orc:2)
27 creatures vanquished.

Vanquished Creatures (others)
  5 dancing weapons
5 creatures vanquished.

Grand Total: 653 creatures vanquished

Notes
Turn   | Place    | Note
-------+----------+-------------------------------------------
     0 | D:1      | mopl the Deep Elf Enchanter began the quest for the Orb.
     0 | D:1      | Reached XP level 1. HP: 10/10 MP: 6/6
   148 | D:1      | Reached XP level 2. HP: 12/15 MP: 8/8
   151 | D:1      | Learned a level 2 spell: Ensorcelled Hibernation
  1228 | D:2      | Reached XP level 3. HP: 20/20 MP: 9/9
  1259 | D:2      | Learned a level 3 spell: Confusing Touch
  1263 | D:2      | Learned a level 3 spell: Tukima's Dance
  1323 | D:2      | Reached skill level 4 in Stealth
  1323 | D:2      | Reached skill level 1 in Shields
  1510 | D:2      | Reached skill level 1 in Fighting
  1510 | D:2      | Reached XP level 4. HP: 25/25 MP: 7/11
  1550 | D:2      | Reached skill level 2 in Short Blades
  1550 | D:2      | Reached XP level 5. HP: 29/29 MP: 12/12
  1957 | D:3      | Noticed Natasha
  1966 | D:3      | Killed Natasha
  1967 | D:3      | Reached skill level 4 in Spellcasting
  1967 | D:3      | Reached skill level 5 in Hexes
  2022 | D:3      | Noticed Natasha
  2031 | D:3      | Killed Natasha
  2311 | D:3      | Reached XP level 6. HP: 35/35 MP: 11/14
  2620 | D:4      | Reached skill level 2 in Shields
  2673 | D:4      | Reached skill level 5 in Stealth
  2996 | D:4      | You fall into a shaft and drop 2 floors!
  3010 | D:6      | Noticed an ice beast
  3020 | D:6      | Killed an ice beast
  3021 | D:6      | Reached skill level 2 in Fighting
  3021 | D:6      | Reached skill level 3 in Short Blades
  3028 | D:6      | Reached XP level 7. HP: 40/40 MP: 12/16
  3077 | D:6      | Reached skill level 5 in Spellcasting
  3174 | D:6      | Reached skill level 6 in Hexes
  3181 | D:6      | Found a staircase to the Ecumenical Temple.
  3188 | Temple   | Entered the Ecumenical Temple
  3197 | Temple   | Became a worshipper of Dithmenos the Shadowed
  3251 | D:5      | Entered Level 5 of the Dungeon
  3609 | D:4      | Reached skill level 6 in Stealth
  3807 | D:4      | Reached XP level 8. HP: 45/45 MP: 15/18
  3966 | D:5      | Learned a level 3 spell: Dazzling Flash
  3971 | D:5      | Learned a level 4 spell: Petrify
  4039 | D:5      | Reached * piety under Dithmenos
  4040 | D:5      | Reached skill level 3 in Shields
  4076 | D:5      | Reached skill level 3 in Fighting
  4104 | D:5      | Noticed Pikel
  4253 | D:5      | Reached skill level 4 in Short Blades
  4253 | D:5      | Reached skill level 1 in Earth Magic
  4255 | D:5      | Reached skill level 1 in Transmutations
  4591 | D:5      | Killed Pikel
  4592 | D:5      | Reached skill level 6 in Spellcasting
  4592 | D:5      | Reached skill level 7 in Hexes
  4592 | D:5      | Reached skill level 2 in Transmutations
  4592 | D:5      | Reached skill level 2 in Earth Magic
  4922 | D:5      | Reached skill level 7 in Stealth
  4957 | D:6      | Reached XP level 9. HP: 51/51 MP: 17/20
  5528 | D:6      | Reached ** piety under Dithmenos
  5529 | D:6      | Reached skill level 3 in Earth Magic
  5625 | D:7      | Reached skill level 4 in Shields
  5633 | D:7      | Reached skill level 3 in Transmutations
  5762 | D:7      | Reached skill level 4 in Fighting
  5762 | D:7      | Reached skill level 5 in Short Blades
  5949 | D:7      | Noticed Maggie
  5961 | D:7      | Killed Maggie
  5962 | D:7      | Reached skill level 7 in Spellcasting
  6456 | D:7      | Reached skill level 8 in Hexes
  6579 | D:7      | Reached skill level 8 in Stealth
  6924 | D:8      | Reached skill level 4 in Earth Magic
  6924 | D:8      | Reached XP level 10. HP: 58/58 MP: 23/23
  6986 | D:8      | Reached skill level 4 in Transmutations
  7090 | D:8      | Found an ornate altar of the Wu Jian Council.
  7110 | D:8      | Found an iron altar of Okawaru.
  7176 | D:8      | Found a white marble altar of Elyvilon.
  7178 | D:8      | Found a blossoming altar of Fedhas.
  7179 | D:8      | Found a basalt altar of Yredelemnul.
  7183 | D:8      | Found a sacrificial altar of Ru.
  7300 | D:8      | Noticed a two-headed ogre
  7324 | D:8      | Killed a two-headed ogre
  7587 | D:8      | Reached skill level 8 in Spellcasting
  7815 | D:9      | Reached skill level 6 in Short Blades
  7888 | D:9      | Reached skill level 5 in Shields
  7901 | D:9      | Reached *** piety under Dithmenos
  8083 | D:9      | Reached skill level 5 in Fighting
  8410 | D:9      | Reached skill level 5 in Earth Magic
  8679 | D:10     | Entered Level 10 of the Dungeon
  8735 | D:10     | Reached skill level 9 in Stealth
  8859 | D:10     | Reached skill level 9 in Hexes
  8938 | D:10     | Reached skill level 5 in Transmutations
  9197 | D:10     | Reached **** piety under Dithmenos
  9198 | D:10     | Reached skill level 1 in Evocations
  9363 | D:10     | Reached skill level 1 in Invocations
  9430 | D:10     | Reached XP level 11. HP: 63/63 MP: 22/25
  9519 | D:10     | Found Maeviskogyu's Book Shoppe.
  9547 | D:10     | Noticed a two-headed ogre
  9563 | D:10     | Killed a two-headed ogre
  9564 | D:10     | Reached skill level 1 in Throwing
  9616 | D:10     | Noticed Grum
  9619 | D:10     | Killed Grum
  9735 | D:10     | Reached ***** piety under Dithmenos
  9898 | D:10     | Found a glowing silver altar of Zin.
 10030 | D:10     | Reached skill level 2 in Evocations
 10033 | D:10     | Reached skill level 2 in Invocations
 10425 | D:11     | Noticed a two-headed ogre
 10435 | D:11     | Reached skill level 2 in Throwing
 10436 | D:11     | Killed a two-headed ogre
 10564 | D:11     | Reached skill level 9 in Spellcasting
 10565 | D:11     | Found a staircase to the Lair.
 10658 | D:11     | Found a staircase to the Orcish Mines.
 10853 | D:11     | Noticed a boulder beetle
 10910 | D:11     | Reached skill level 3 in Invocations
 10913 | D:11     | Reached skill level 3 in Evocations
 10976 | D:11     | Reached skill level 7 in Short Blades
 11111 | D:11     | Reached skill level 6 in Transmutations
 11113 | D:11     | Noticed an orc knight
 11128 | D:11     | Noticed a centaur warrior
 11141 | D:11     | Noticed a skeletal warrior
 11145 | D:11     | Killed an orc knight
 11146 | D:11     | Reached skill level 6 in Earth Magic
 11284 | D:11     | Reached skill level 3 in Throwing
 11320 | D:11     | Killed a centaur warrior
 11321 | D:11     | Reached XP level 12. HP: 69/69 MP: 25/27
 11392 | D:11     | Noticed a catoblepas
 11475 | D:11     | Reached skill level 10 in Hexes
 11522 | D:11     | Reached skill level 10 in Stealth
 11711 | D:11     | Reached skill level 6 in Shields
 12026 | D:11     | Reached skill level 6 in Fighting
 12245 | Lair:1   | Entered Level 1 of the Lair of Beasts
 12245 | Lair:1   | Noticed a boulder beetle
 12261 | Lair:1   | Killed a boulder beetle
 12262 | Lair:1   | Reached skill level 4 in Invocations
 12288 | Lair:1   | Reached skill level 4 in Evocations
 12990 | Lair:1   | Reached skill level 4 in Throwing
 13159 | Lair:1   | Reached skill level 10 in Spellcasting
 13534 | Lair:2   | Found a staircase to the Snake Pit.
 13675 | Lair:2   | Reached skill level 7 in Transmutations
 13849 | Lair:2   | Found a staircase to the Swamp.
 14091 | Lair:2   | Noticed a boulder beetle
 14104 | Lair:2   | Killed a boulder beetle
 14358 | Lair:3   | Reached XP level 13. HP: 69/75 MP: 25/29
 14463 | Lair:3   | Reached skill level 7 in Earth Magic
 14669 | Lair:3   | Reached ****** piety under Dithmenos
 14983 | Lair:3   | Reached skill level 5 in Invocations
 15120 | Lair:4   | Reached skill level 5 in Evocations
 15387 | Lair:4   | Found a viscous altar of Jiyva.
 15387 | Lair:4   | Found a staircase to the Slime Pits.
 15424 | Lair:4   | Reached skill level 8 in Short Blades
 15486 | Lair:4   | Reached skill level 11 in Hexes
 15976 | Lair:5   | Entered Level 5 of the Lair of Beasts
 16174 | Lair:5   | Reached skill level 11 in Stealth
 16176 | Lair:5   | HP: 3/76 [death yak (22)]
 16576 | Lair:5   | Reached skill level 5 in Throwing
 17043 | Lair:5   | Found the +7 captain's cutlass {speed, disarm}
 17669 | Lair:5   | Reached skill level 7 in Fighting
 17669 | Lair:5   | Reached skill level 7 in Shields
 18290 | Lair:5   | Reached skill level 6 in Evocations
 18826 | Lair:5   | Reached skill level 11 in Spellcasting
 19007 | Lair:5   | Reached skill level 8 in Transmutations
 19007 | Lair:5   | Reached skill level 6 in Invocations
 19149 | Lair:5   | Reached XP level 14. HP: 68/82 MP: 28/31
 19272 | Lair:5   | Found a large runed translucent door.
 19272 | Lair:5   | Found a large runed translucent door.
 19490 | Lair:5   | Reached skill level 8 in Earth Magic
 20239 | Orc:1    | Entered Level 1 of the Orcish Mines
 20559 | Orc:2    | Entered Level 2 of the Orcish Mines
 20740 | Orc:2    | Found a dark tunnel.
 20753 | Volcano  | Entered a volcano
 20845 | Volcano  | Reached skill level 6 in Throwing
 21012 | Volcano  | Reached skill level 3 in Dodging
 21088 | Volcano  | Found the +2 cloak of the Thief {*Fog Slay-2 SInv Stlth+}
 21096 | Volcano  | Identified the +1 pair of boots "Awkopapn" {rF+}
 21577 | Orc:1    | Reached skill level 12 in Hexes
 21622 | Orc:1    | Noticed an orc warlord
 21641 | Orc:1    | Killed an orc warlord
 21642 | Orc:1    | Reached skill level 9 in Short Blades
 21956 | Orc:2    | Found Jaheffed's Armour Shoppe.
 21956 | Orc:2    | Found Qontos's Distillery.
 21967 | Orc:2    | Found Qyruet's Assorted Antiques.
 21968 | Orc:2    | Found Niofuthy's Book Emporium.
 22007 | Orc:2    | Bought a scroll of identify for 56 gold pieces
 22007 | Orc:2    | Bought a scroll labelled JUXKUI JARICHU for 28 gold pieces
 22099 | Orc:2    | Bought 2 potions of heal wounds for 150 gold pieces
 22099 | Orc:2    | Bought a potion of curing for 45 gold pieces
 22099 | Orc:2    | Bought a potion of curing for 45 gold pieces
 22099 | Orc:2    | Bought a potion of curing for 45 gold pieces
 22099 | Orc:2    | Bought a potion of resistance for 150 gold pieces
 22099 | Orc:2    | Bought a potion of haste for 150 gold pieces
 22100 | Orc:2    | Bought a book of Misfortune for 612 gold pieces
 22100 | Orc:2    | Bought a book of Burglary for 340 gold pieces
 22103 | Orc:2    | Learned a level 2 spell: Passwall
 22113 | Orc:2    | Noticed Snorg
 22113 | Orc:2    | Noticed an orc warlord
 22154 | Orc:2    | Killed Snorg
 22164 | Orc:2    | Learned a level 5 spell: Yara's Violent Unravelling
 22170 | Orc:2    | Learned a level 5 spell: Irradiate
 22333 | Orc:2    | Reached skill level 12 in Stealth
 22341 | Orc:2    | Found a staircase to the Elven Halls.
 22461 | Orc:2    | Reached skill level 7 in Evocations
 22792 | Orc:2    | Reached skill level 1 in Conjurations
 22806 | Orc:2    | Killed an orc warlord
 23366 | Orc:2    | Bought a shiny bone wand for 112 gold pieces
 24215 | D:13     | Reached skill level 4 in Dodging
 24217 | D:13     | Found a gate to the Vaults.
 24227 | D:13     | Mangled by a white ugly thing

Illustrated notes

Levels and vault maps discovered:
D:1:      lemuel_arrival_river_ford, layout_loops_ring
D:2:      cheibrodos_fertilizer, layout_basic
D:3:      layout_loops_cross, uniq_natasha
D:4:      layout_basic, goddamned_bats
D:5:      layout_gridville, uniq_pikel
D:6:      layout_loops_ring, minmay_temple_entry_wispy, grunt_tough_drop
D:7:      layout_basic, serial_co_window_serial, co_window_corner_a,
          co_window_corner_a, co_window_corner_a, co_window_of_opportunity_a,
          co_window_of_opportunity_a, co_window_cross_1, co_window_corner_a,
          co_window_corner_b, co_window_unsneaky_path_a,
          co_window_of_opportunity_c, co_window_sun, co_window_4corner_a,
          glass_columns_a, glass_columns_a, glass_columns_a, glass_columns_a,
          glass_columns_c, uniq_maggie
D:8:      layout_cave_pools, grunt_temple_overflow_open, serial_undead,
          serial_undead_d, serial_undead_b, serial_undead_e, serial_undead_d
D:9:      layout_loops_cross, minmay_quadrilaterals
D:10:     layout_cave_pools, old_standard_altar, serial_gnoll_camp,
          gnoll_camp_huts_moat, grums_kennel, gnoll_camp_mini_doghouse,
          gnoll_camp_mini_shop, gnoll_camp_medium_01, gnoll_camp_medium_02,
          minmay_misc_feat_plants
D:11:     minmay_the_grid_3x2 [minmay_the_grid_tree,
          minmay_the_grid_stretched_grid, minmay_the_grid_rooms,
          minmay_the_grid_medium_cups, minmay_the_grid_minigrid_large,
          minmay_the_grid_prize_inner_circle], layout_basic,
          grunt_lair_entry_orc_guard_hut
D:12:     layout_stronghold
D:13:     layout_stronghold, david_vaults_1, serial_column_ruins,
          column_ruins_grid_5, column_ruins_columns_straight,
          column_ruins_corridor_T, column_ruins_grid_2,
          column_ruins_columns_straight, column_ruins_columns_T,
          column_ruins_grid_1, column_ruins_open_small,
          portal_ice_cave_entry_ice_simulacra, chei_slow_surprise
Temple:   minmay_freezing_vapour_temple
Lair:1:   layout_regular_city, nicolae_quartered_pool_medium,
          serial_bayou_shore_a, lemuel_fruit_fields,
          infiniplex_staircase_pool_2, serial_bayou_shore_b, lemuel_fruit_fields
Lair:2:   layout_chaotic_city, nicolae_swamp_entry_splash_gauntlet,
          minmay_snake_entry_guardpost_medium, nzn_sisyphean_effort
Lair:3:   layout_concentric_octagons
Lair:4:   wander_river, layout_cave_shapes, dpeg_slime_entry_enclosed
Lair:5:   cheibrodos_lair_end_hotspot, layout_cave_pods,
          chequers_serial_rivers_large_a
Orc:1:    layout_diamond_mine, nicolae_orc_stony_grotto
Orc:2:    st_orc_mages, layout_caves, nicolae_volcano_entry_two_sided,
          uniq_snorg

Skill      XL: |  1  2  3  4  5  6  7  8  9 10 11 12 13 14 |
---------------+-------------------------------------------+-----
Stealth        | 4 5 6 7 8 9 10 11 12 | 12.1
Shields        | 1 2 3 4 5 6 7 |  7.6
Fighting       | 1 2 3 4 5 6 7 |  7.7
Short Blades   | 2 3 4 5 6 7 8 9 |  9.2
Spellcasting   | 4 5 6 7 8 9 10 11 | 11.7
Hexes          | 5 6 7 8 9 10 11 12 | 12.2
Earth Magic    | 2 4 5 6 7 8 |  8.6
Transmutations | 2 3 5 6 7 8 |  8.8
Evocations     | 1 3 4 6 7 |  7.1
Invocations    | 1 3 4 6 |  6.9
Throwing       | 3 4 5 6 |  6.6
Dodging        | 4 |  4.0
Conjurations   | 1 |  1.3

Action                     |  1- 3 |  4- 6 |  7- 9 | 10-12 | 13-15 || total
---------------------------+-------+-------+-------+-------+-------++-------
  Melee: Dagger            |   103 |   104 |   239 |   622 |   110 ||  1178
         Punch             |       |     2 |     5 |     5 |       ||    12
         Cutlass           |       |       |       |       |   548 ||   548
   Cast: Ensorcelled Hiber |    12 |    13 |    57 |   235 |   134 ||   451
         Confusing Touch   |       |     1 |     7 |    19 |    24 ||    51
         Tukima's Dance    |       |       |    11 |    30 |    11 ||    52
         Dazzling Flash    |       |       |       |     7 |     8 ||    15
         Petrify           |       |       |       |     9 |     2 ||    11
  Evoke: Condenser vane    |       |       |       |       |     1 ||     1
    Use: Scroll            |       |       |     7 |    11 |     6 ||    24
         Potion            |       |       |       |     1 |     1 ||     2
   Stab: Sleeping          |    13 |    19 |    68 |   161 |   137 ||   398
         Distracted        |     1 |       |     1 |     6 |     4 ||    12
         Confused          |       |       |     8 |    22 |    19 ||    49
         Invisible         |       |       |       |     4 |     5 ||     9
         Petrified         |       |       |       |     3 |     4 ||     7
 Armour: Robe              |    29 |    32 |   155 |       |       ||   216
         Steam dragon scal |       |       |     7 |   257 |   178 ||   442
  Dodge: Dodged            |    40 |    55 |   274 |   349 |   212 ||   930
  Block: Kite shield       |     1 |       |       |   105 |   227 ||   333

Table legend: (Time is in decaauts)
 A = Elapsed time spent in this place.
 B = Non-inter-level travel time spent in this place.
 C = Inter-level travel time spent in this place.
 D = Time resting spent in this place.
 E = Time spent auto-exploring this place.
 F = Levels seen in this place.
 G = Mean time per level.
                   A        B        C        D        E       F      G
               +--------+--------+--------+--------+--------+-----+--------+
         Total |  23736 |  22474 |   1262 |   4558 |  11707 |  22 | 1078.9 |
       Dungeon |  12871 |  12272 |    599 |   1632 |   7343 |  13 |  990.1 |
        Temple |     20 |     20 |      0 |      0 |      0 |   1 |   20.0 |
          Lair |   7862 |   7394 |    468 |   2262 |   3406 |   5 | 1572.4 |
  Orcish Mines |   2557 |   2364 |    193 |    491 |    892 |   2 | 1278.5 |
       Volcano |    424 |    424 |      0 |    173 |     65 |   1 |  424.0 |
               +--------+--------+--------+--------+--------+-----+--------+

Top non-repeatable levels by time:
  Lair:5: 3945 daAuts
    D:10: 1853 daAuts
    D:11: 1700 daAuts
   Orc:2: 1414 daAuts
  Lair:1: 1285 daAuts
     D:7: 1268 daAuts
     D:4: 1214 daAuts
   Orc:1: 1142 daAuts
     D:2: 1009 daAuts
  Lair:4: 921 daAuts
     D:1: 896 daAuts
     D:9: 895 daAuts
     D:6: 895 daAuts
     D:5: 870 daAuts
  Lair:2: 856 daAuts
